 Dungeon Crawl Stone Soup version 0.17-a0-1987-gaf5a542 (webtiles) character file.

194 endege the Chopper (level 6, 0/48 HPs)
             Began as a Human Berserker on Sept 24, 2015.
             Was a Priest of Trog.
             Slain by a gnoll
             ... wielding a +0 halberd
              (9 damage)
             ... on level 3 of the Dungeon on Oct 6, 2015.
             The game lasted 00:33:36 (2687 turns).

endege the Chopper (Human Berserker)                Turns: 2687, Time: 00:33:36

Health: 0/48       AC: 13    Str: 20    XL:     6   Next: 3%
Magic:  6/6        EV:  8    Int:  7    God:    Trog [***...]
Gold:   70         SH:  0    Dex: 12    Spells: 0 memorised, 5 levels left

rFire  . . .     SeeInvis .     B - +2 short sword (freeze)
rCold  . . .     Clarity  .     k - +0 plate armour
rNeg   . . .     SustAt   .     (no shield)
rPois  .         Gourm    .     P - +0 helmet
rElec  .         Spirit   .     (no cloak)
rCorr  .         Warding  .     E - +0 pair of gloves
rMut   .         Stasis   .     (no boots)
MR     .....                    (no amulet)
Stlth  ..........               (no ring)
                                l - +2 ring of evasion

@: lethally poisoned (0 -> -2), drained, not resistant to hostile enchantments,
extremely unstealthy
A: no striking features
a: Burn Spellbooks, Berserk, Trog's Hand, Renounce Religion


You were on level 3 of the Dungeon.
You worshipped Trog.
Trog was most pleased with you.
You were not hungry.

You visited 1 branch of the dungeon, and saw 3 of its levels.

You collected 70 gold pieces.

Inventory:

Hand Weapons
 a - a +0 hand axe
 j - a +0 dagger
 n - a +0 short sword
 o - a +0 mace
 q - a +1 falchion of holy wrath
 s - a +0 short sword
 y - a +2 flail of draining
 z - a +0 dagger
 B - a +2 short sword of freezing (weapon)
 G - a +0 club
 I - a +0 dagger
 K - a +0 hunting sling
 N - a +0 spear
 T - a +0 hand axe
 X - a +0 dagger
 Y - a +0 club
 Z - a +0 dagger
Missiles
 p - 99 stones (quivered)
 r - 46 bolts
 u - 2 tomahawks
 Q - 8 arrows of frost
 R - 17 arrows
 W - 21 sling bullets
Armour
 b - a +0 animal skin
 h - a +0 ring mail
 k - a +0 plate armour (worn)
 t - a +0 robe
 v - a +0 robe
 A - a +0 leather armour
 E - a +0 pair of gloves (worn)
 O - a +0 animal skin
 P - a +0 helmet (worn)
 U - a +0 robe
Jewellery
 l - a +2 ring of evasion (left hand)
Scrolls
 i - a scroll of immolation
 m - 2 scrolls of remove curse {unknown}
 w - a scroll of enchant armour {unknown}
 C - a scroll of amnesia {unknown}
 F - 2 scrolls of teleportation {unknown}
 H - a scroll of noise {unknown}
 M - 2 scrolls of identify {unknown}
 S - a scroll of magic mapping {unknown}
Potions
 c - a potion of curing {unknown}
 d - a potion of might {unknown}
 e - a potion of heal wounds {unknown}
 f - 2 potions of brilliance {unknown}
 J - a potion of lignification {unknown}
 L - a potion of cancellation {unknown}
Comestibles
 g - 2 meat rations
 x - 2 bread rations
 D - a chunk of flesh


   Skills:
 + Level 4.0(3.5) Fighting
 + Level 1.0(0.5) Short Blades
 + Level 4.2(3.7) Axes
 + Level 3.2(2.7) Armour
 + Level 3.0(2.5) Dodging


You had 5 spell levels left.
You didn't know any spells.

Dungeon Overview and Level Annotations

Branches:
Dungeon (3/15)

Altars:
Dithmenos
Elyvilon
Kikubaaqudgha
Sif Muna


Message History

Trog accepts your kill.
You have reached level 6!
Your experience leads to an increase in your attributes!
Increase (S)trength, (I)ntelligence, or (D)exterity?
You feel stronger.
You feel sick. The adder closely misses you. The adder closely misses you.
The gnoll barely misses you.
You closely miss the adder. The adder barely misses you.
The adder bites you but does no damage. The gnoll hits you with a halberd.
* * * LOW HITPOINT WARNING * * *
The adder closely misses you. The goblin closely misses you.
The adder bites you but does no damage.
You miss the adder.
You feel sick. The adder bites you but does no damage.
The adder bites you but does no damage. The gnoll barely misses you.
The goblin barely misses you.
You hit the adder. You freeze the adder.
The adder seems to slow down.
The adder is moderately wounded.
The adder bites you but does no damage. The adder barely misses you.
The goblin hits you but does no damage. The gnoll hits you with a halberd!
You die...

#.......... #.........
.. #........ ... .......
...##..... .........
......gg# #######
......S@# .......
......S†# ######
........# ########.....
........# #............
........# #.# ##.....
........####.######...†.
.......................†
##+#####................
#................


You could see a gnoll, 2 adders and a goblin.

Vanquished Creatures
  An orc wizard (D:3)
  Robin (D:2)
  5 adders
  2 gnolls (D:3)
  2 worms (D:2)
  3 giant geckos
  4 orcs (D:3)
  10 bats
  2 giant cockroaches
  11 goblins
  10 hobgoblins
  4 jackals (D:2)
  8 kobolds
  2 ball pythons
  2 giant newts
  4 rats
71 creatures vanquished.

Vanquished Creatures (others)
  A quokka (D:2)
  A giant newt (D:2)
2 creatures vanquished.

Grand Total: 73 creatures vanquished

Notes
Turn   | Place    | Note
--------------------------------------------------------------
     0 | D:1      | endege the Human Berserker began the quest for the Orb.
     0 | D:1      | Reached XP level 1. HP: 18/18 MP: 1/1
   173 | D:1      | Reached XP level 2. HP: 9/24 MP: 2/2
   182 | D:1      | Upgraded the game from 0.17-a0-1900-g45e8110 to 0.17-a0-1945-gfe993df
   221 | D:1      | Upgraded the game from 0.17-a0-1945-gfe993df to 0.17-a0-1987-gaf5a542
  1286 | D:2      | Reached XP level 3. HP: 29/29 MP: 3/3
  1347 | D:2      | Acquired Trog's second power
  1362 | D:2      | Found a shadowy altar of Dithmenos.
  1388 | D:2      | Found a deep blue altar of Sif Muna.
  1552 | D:2      | Found an ancient bone altar of Kikubaaqudgha.
  1553 | D:2      | Noticed Robin
  1579 | D:2      | Reached XP level 4. HP: 27/35 MP: 4/4
  1748 | D:2      | Killed Robin
  1793 | D:2      | Found a white marble altar of Elyvilon.
  2039 | D:2      | Reached XP level 5. HP: 29/42 MP: 5/5
  2521 | D:3      | Reached skill level 4 in Axes
  2680 | D:3      | Reached skill level 1 in Short Blades
  2684 | D:3      | Reached XP level 6. HP: 14/48 MP: 6/6
  2687 | D:3      | Slain by a gnoll

Vault maps used:
D:1:      dpeg_arrival_tiny_h, serial_bayou_pond_a, fountainhead, hex_large
D:2:      elyvilon_altar_4, nicolae_overflow_hidden_temple, first_bread,
          uniq_robin
D:3:      minmay_strange_pillars

Action                   |  1- 3 |  4- 6 || total
-------------------------+-------+-------++-------
Melee: Hand axe          |   139 |    29 ||   168
       Short sword       |       |   134 ||   134
Invok: Berserk           |     1 |       ||     1
       Trog's Hand       |       |     1 ||     1
  Use: Scroll            |       |     1 ||     1
  Eat: Bread ration      |     1 |       ||     1
       Pizza             |       |     1 ||     1
       Chunk             |       |     1 ||     1
